 Dungeon Crawl Stone Soup version 0.26.0-10-g1f06aea511 (webtiles) character file.

Game seed: 7011209779838588356

23 Dracia the Stinger (level 2, -5/22 HPs)
             Began as a Naga Venom Mage on Jan 20, 2021.
             Slain by an ogre
             ... wielding a +0 giant club
              (17 damage)
             ... on level 2 of the Dungeon.
             The game lasted 00:01:36 (883 turns).

Dracia the Stinger (Naga Venom Mage)                 Turns: 883, Time: 00:01:37

Health: -5/22      AC:  1    Str: 10    XL:     2   Next: 95%
Magic:  1/5        EV: 10    Int: 15    God:
Gold:   40         SH:  0    Dex: 11    Spells: 2/5 levels left

rFire    . . .     SeeInvis +   f - +0 dagger
rCold    . . .     Faith    .   (no shield)
rNeg     . . .     Spirit   .   a - +0 robe
rPois    +         Reflect  .   (no helmet)
rElec    .         Harm     .   (no cloak)
rCorr    .         Rampage  .   (no gloves)
Will     .....                  (no barding)
Stlth    ++........             (no amulet)
HPRegen  0.07/turn              (no ring)
MPRegen  0.09/turn              (no ring)

@: very slightly contaminated, very slow
A: large, see invisible, deformed body, poison resistance, slowness 2, spit
poison 1, AC +0
a: Spit Poison


You were on level 2 of the Dungeon.
You visited 1 branch of the dungeon, and saw 2 of its levels.

You collected 40 gold pieces.


Innate Abilities, Weirdness & Mutations

You cannot wear boots.
Your serpentine skin is tough. (AC +0)
You have supernaturally acute eyesight. (SInv)
Armour fits poorly on your strangely shaped body.
Your system is resistant to poisons. (rPois)
You cover ground very slowly.
You can spit poison.


   Skills:
 - Level 1.5 Dodging
 - Level 3.0 Stealth
 - Level 2.0 Spellcasting
 - Level 1.0 Transmutations
 + Level 5.4 Poison Magic


You had 2 spell levels left.
You knew the following spells:

 Your Spells              Type           Power        Failure   Level
p - Poisonous Vapours     Pois/Air       18%          11%         2
z - Sting                 Tmut/Pois      44%          6%          1

Your spell library contained the following spells:

 Spells                   Type           Power        Failure   Level
 Olgreb's Toxic Radiance  Pois           17%          24%         4
 Ignite Poison            Fire/Tmut/Pois 7%           28%         3
 Mephitic Cloud           Conj/Pois/Air  6%           32%         3

Inventory:

Hand Weapons
 c - a +0 whip
 f - a +0 dagger (weapon)
Armour
 a - a +0 robe (worn)
Potions
 b - 2 potions of lignification {unknown}
 d - a potion of attraction {unknown}
 e - a potion of might

Dungeon Overview and Level Annotations

Branches:
Dungeon (2/15)

Altars:

######### #
###.......##.#
..........@O.#
#.......####
########<###
......†...#
..........#
..........#
....####....
... ###### ..


You could see an ogre (poisoned).


Message History

The dart slug is heavily wounded.
The sting hits the dart slug.
The dart slug looks even sicker.
The dart slug is severely wounded.
The sting hits the dart slug.
The dart slug looks even sicker.
You kill the dart slug!
No target in view!
Magic restored.
There is a stone staircase leading up here.
You now have 40 gold pieces (gained 17).
You open the door.
A goblin comes into view. It is wielding a +0 dagger.
A goblin is nearby!
The sting hits the goblin.
The goblin is poisoned.
The goblin is moderately wounded.
The goblin shouts!
You hear a shout!
The sting hits the goblin.
The goblin looks even sicker.
You kill the goblin!
An ogre comes into view. It is wielding a +0 giant club.
An ogre is nearby!
The ogre hits you with a +0 giant club!
There is an open door here.
Things that are here:
a +0 dagger; a goblin corpse The sting hits the ogre.
The ogre is poisoned.
The ogre is moderately wounded.
You miscast Sting.
You are very lightly contaminated with residual magic.
Nothing appears to happen.
The ogre hits you with a +0 giant club!
Ouch! That really hurt!
You die...

Skill      XL: |  1  2 |
---------------+-------+-----
Poison Magic   | 5 |  5.4
Dodging        | |  1.5
Stealth        | |  3.0
Spellcasting   | |  2.0
Transmutations | |  1.0

Action                   || total
-------------------------++-------
Melee: Unarmed           ||     3
       Whip              ||     6
       Dagger            ||     2
 Cast: Sting             ||    29
  Use: Scroll            ||     2
 Stab: Sleeping          ||     2
Armor: Robe              ||     8
Dodge: Dodged            ||    10

Levels and vault maps discovered:
D:1:      ebering_trefoil_3fold, layout_basic
D:2:      layout_basic, minmay_misc_feat_roman

Notes
Turn   | Place    | Note
-------+----------+-------------------------------------------
     0 | D:1      | Dracia the Naga Venom Mage began the quest for the Orb.
     0 | D:1      | Reached XP level 1. HP: 15/15 MP: 3/3
   152 | D:1      | Reached XP level 2. HP: 22/22 MP: 0/5
   208 | D:1      | Learned a level 2 spell: Poisonous Vapours
   310 | D:1      | Reached skill level 5 in Poison Magic
   880 | D:2      | Noticed an ogre
   883 | D:2      | Slain by an ogre

Vanquished Creatures
  2 dart slugs
  A leopard gecko (D:1)
  2 bats (D:1)
  3 goblins
  A hobgoblin (D:1)
  4 frilled lizards (D:1)
  2 kobolds (D:1)
  3 rats (D:1)
18 creatures vanquished.

Table legend: (Time is in decaauts)
 A = Elapsed time spent in this place.
 B = Non-inter-level travel time spent in this place.
 C = Inter-level travel time spent in this place.
 D = Time resting spent in this place.
 E = Time spent auto-exploring this place.
 F = Levels seen in this place.
 G = Mean time per level.
                   A        B        C        D        E       F      G
               +--------+--------+--------+--------+--------+-----+--------+
         Total |   1093 |   1042 |     51 |      0 |    908 |   2 |  546.5 |
       Dungeon |   1093 |   1042 |     51 |      0 |    908 |   2 |  546.5 |
               +--------+--------+--------+--------+--------+-----+--------+

Top non-repeatable levels by time:
     D:1: 1043 daAuts
     D:2: 49 daAuts

Table legend:
 A = Non-vault XP
 B = Vault XP
 C = Vault XP percentage of total XP
 D = Non-vault monster count
 E = Vault monster count
 F = Vault count percentage of total count
                 A         B        C        D         E       F
            +---------+---------+-------+---------+---------+-------
      Total |      33 |       0 |   0.0 |      18 |       0 |   0.0
            +---------+---------+-------+---------+---------+-------
        D:1 |      27 |       0 |   0.0 |      16 |       0 |   0.0
        D:2 |       6 |       0 |   0.0 |       2 |       0 |   0.0
            +---------+---------+-------+---------+---------+-------
